 Dungeon Crawl Stone Soup version 0.30.0 (webtiles) character file.

Game seed: 1379789571509335756

99680 ElricMelnibone the Tortoise (level 15, -6/201 HPs)
             Began as a Minotaur Fighter on Aug 4, 2023.
             Was a High Priest of Trog.
             Mangled by a naga warrior
             ... wielding a +0 scimitar
              (13 damage)
             ... on level 4 of the Snake Pit on Aug 22, 2023.
             The game lasted 02:13:52 (14706 turns).

ElricMelnibone the Tortoise (Minotaur Fighter)     Turns: 14706, Time: 02:13:53

Health: -6/201     AC: 26    Str: 31    XL:     15   Next: 78%
Magic:  14/14      EV:  8    Int:  8    God:    Trog [*****.]
Gold:   451        SH: 22    Dex: 13    Spells: 14/14 levels left

rFire   . . .        a - +7 trident of Mirun {freeze, rC+ Will+}
rCold   + + .        y - +4 tower shield {reflect}
rNeg    . . .        o - +0 storm dragon scales of Brilliance {rElec rPois rF- Int+3 SInv}
rPois   +            (helmet restricted)
rElec   +            Y - scarf {rC+ rF+}
rCorr   .            m - +1 Delatra's gloves {ID++}
SInv    +            G - +1 pair of boots
Will    ++++.        R - amulet of regeneration Stlth
                     g - +4 ring of protection
HPRegen 2.33/turn    W - +6 ring of strength
MPRegen 0.14/turn

%: reflection
@: berserking, lethally poisoned (-6 -> -7), strong-willed, regenerating, very
quick
A: horns 2, retaliatory headbutt
a: Renounce Religion, Berserk, Trog's Hand, Brothers in Arms


You were on level 4 of the Snake Pit.
You worshipped Trog.
Trog was extremely pleased with you.
You visited 4 branches of the dungeon, and saw 15 of its levels.
You also visited: Bailey.

You collected 974 gold pieces.
You spent 523 gold pieces at shops.

Inventory:

Hand Weapons
 a - the +7 trident of Mirun (weapon) {freeze, rC+ Will+}
   (You found it on level 5 of the Dungeon)

   rC:        It protects you from cold.
   Will:      It increases your willpower.
 b - a +4 rapier of electrocution
 i - a +2 demon trident of flaming
 E - a +1 spectral demon blade
 O - a +5 double sword of flaming
Missiles
 q - 2 curare-tipped darts (quivered)
 U - 13 poisoned darts
Armour
 m - the +1 Delatra's gloves (worn) {ID++}
   (You found it on level 3 of the Dungeon)

   ID++:      It heals its wearer when they drink unknown potions, and restores
   their MP when they read unknown scrolls.
 o - the +0 storm dragon scales of Brilliance (worn) {rElec rPois rF- Int+3 SInv}
   (You took it off an orc knight in a bailey)

   Int:       It affects your intelligence (+3).
   rF:        It makes you vulnerable to fire.
   rElec:     It insulates you from electricity.
   rPois:     It protects you from poison.
   SInv:      It lets you see invisible.
 p - a +1 cloak
 y - a +4 tower shield of reflection (worn)
 D - a +2 tower shield of cold resistance
 F - a +2 kite shield
 G - a +1 pair of boots (worn)
 Y - a scarf of resistance (worn)
Jewellery
 c - a +4 ring of protection
 g - a +4 ring of protection (left hand)
 l - an amulet of faith
 w - a ring of positive energy
 M - an amulet of the acrobat
 P - a ring of willpower
 R - an amulet of regeneration (around neck)
 T - a ring of ice
 W - a +6 ring of strength (right hand)
Wands
 e - a wand of paralysis (19)
 u - a wand of iceblast (2)
 z - a wand of acid (3)
 V - a wand of polymorph (5)
Scrolls
 f - 3 scrolls of vulnerability
 h - 3 scrolls of fog
 r - 4 scrolls of immolation
 x - a scroll of brand weapon
 A - 3 scrolls of fear
 B - 6 scrolls of teleportation
 H - a scroll of identify
 I - 3 scrolls of poison
 K - 2 scrolls of enchant weapon
 N - a scroll of butterflies
Potions
 d - 3 potions of might
 j - a potion of resistance
 k - 4 potions of attraction
 n - 4 potions of haste
 s - 2 potions of invisibility
 t - 2 potions of flight
 v - 5 potions of brilliance
 C - 2 potions of lignification
 Q - 2 potions of ambrosia
 X - a potion of berserk rage
 Z - a potion of mutation
Miscellaneous
 L - a box of beasts


   Skills:
 + Level 12.5 Fighting
 * Level 14.9 Long Blades
 - Level 3.1 Maces & Flails
 - Level 14.0 Polearms
 - Level 16.0 Armour
 - Level 15.0 Shields
 + Level 10.4 Evocations


You had 14 spell levels left.
You didn't know any spells.
Your spell library contained the following spells:

 Spells                   Type           Power      Damage    Failure   Level
 Sting                    Tmut/Pois      0%         1d3       95%         1
 Lesser Beckoning         Tloc           0%         N/A       99%         2
 Dazzling Flash           Conj/Hex       0%         N/A       100%        3
 Gell's Gravitas          Tloc           0%         N/A       100%        3
 Hailstorm                Conj/Ice       0%         3d3       100%        3
 Teleport Other           Tloc           0%         N/A       100%        3
 Ice Form                 Ice/Tmut       0%         N/A       100%        4
 Agony                    Necr           0%         N/A       100%        5
 Silence                  Hex/Air        0%         N/A       100%        5
 Polar Vortex             Ice            0%         N/A       100%        9


Dungeon Overview and Level Annotations

Branches:
Dungeon (8/15)             Temple (1/1) D:4            Lair (2/5) D:8
  Snake (4/4) Lair:2       Bailey (visited)
  Swamp: Lair:2-3    Shoals: Lair:2-3

Altars:
Ashenzari
Cheibriados
Dithmenos
Elyvilon
Fedhas
Gozag
Hepliaklqana
Kikubaaqudgha
Makhleb
Nemelex Xobeh
Okawaru
Qazlal
Ru
Sif Muna
Trog
Uskayaw
Wu Jian
Xom
Yredelemnul
The Shining One

Shops:
D:2 (   D:3 [[[(:   D:7 :?[   Snake:1 [!*   Snake:2 [=   Snake:4 (


Innate Abilities, Weirdness & Mutations

You have a pair of horns on your head.
You reflexively headbutt those who attack you in melee.


Message History

The black mamba bites you but does no damage.
The naga warrior roars a battlecry!
The naga warrior goes into a battle-frenzy!
You feel sick.
The black mamba bites you but does no damage.
The black mamba bites you!
* * * LOW HITPOINT WARNING * * *
You are more poisoned.
The black mamba poisons you!
Things that are here:
a +3 heavy war axe; a naga corpse You bump into the stone wall.
You feel extremely sick. The black mamba bites you.
* * * LOW HITPOINT WARNING * * *
The black mamba barely misses you.
You impale the black mamba!!
The black mamba seems to slow down.
You freeze the black mamba! You headbutt the black mamba!
You kill the black mamba!
Trog accepts your kill.
You feel less invigorated.
You feel less confused.
You feel very sick. You block the naga warrior's attack.
The naga warrior grabs you. The naga warrior constricts you.
* * * LOW HITPOINT WARNING * * *
As you read the scroll of fear, it crumbles to dust.
You assume a fearsome visage.
The naga warrior easily resists.
The naga warrior looks frightened!
* * * LOW HITPOINT WARNING * * *
You feel very sick. The naga warrior loses its grip on you.
Okay, then.
Okay, then.
A red film seems to cover your vision as you go berserk!
You feel yourself moving faster!
You feel mighty!
You feel very sick.
The naga warrior cries, "Oh dear!
Oh dear!"
The naga warrior hits you with a +0 scimitar!
You die...

#...#
...###.....##
#.).#
#...###.....#
#.).# #...#
#..†... #...##
#...# #......
##.).# ##N..#
#....). #...##
#....# #......
..# ##...##
###...## #....#.
..#
#....######.)...#
#....## ..#
##.).....@)..N.##
#....# ..##
##......N†...##
#....# ...#
###......####
#....# ...#
######## #....##
...# ###..†. ...#
####. ...# ##
..## # ..##### #


You could see 2 naga warriors.

Vanquished Creatures
  Vashnia (Snake:3)
  Nikola (Snake:1)
  Asterion (Snake:3)
  Agnes (Snake:1)
  9 nagarajas
  Aizul (Snake:1)
  Fannar (Lair:1)
  Harold (Lair:1)
  8 anacondas
  A boulder beetle (Lair:2)
  15 naga warriors
  10 shock serpents
  13 naga sharpshooters
  Sonja (Lair:1)
  4 salamander mystics
  6 naga ritualists
  3 spectral anacondas (Snake:2)
  2 anaconda skeletons (Snake:2)
  2 orc knights (Bailey)
  9 mana vipers
  14 salamanders
  3 guardian serpents
  30 black mambas
  18 naga magi
  2 spectral sea snakes (Snake:2)
  6 cane toads
  3 rime drakes
  Psyche (D:8)
  4 komodo dragons
  2 anaconda simulacra (Snake:2)
  4 polar bears (Lair:1)
  2 sea snake skeletons (Snake:2)
  A hornet (D:7)
  2 spectral guardian serpents (Snake:2)
  A blink frog (Lair:2)
  A shadow (D:7)
  13 yaks
  A wyvern (Lair:2)
  4 sea snake simulacra (Snake:2)
  The ghost of BigFatTexta the Trooper, an amateur GrFi (D:4)
  A basilisk (Lair:1)
  44 nagas
  5 water moccasins
  3 naga skeletons (Snake:2)
  8 orc warriors
  2 guardian serpent simulacra (Snake:2)
  2 sky beasts (D:6)
  3 black bears
  7 wolves (Lair:2)
  A centaur (D:6)
  A kobold brigand (D:6)
  3 bullfrogs
  2 scorpions (D:6)
  A naga simulacrum (Snake:2)
  3 wights (D:6)
  3 spectral nagas (Snake:2)
  A howler monkey (D:5)
  5 hounds
  2 gnoll boudas
  5 orc priests
  A centaur skeleton (D:4)
  A bullfrog skeleton (D:4)
  3 jellies
  2 sleepcaps (D:4)
  4 orc wizards
  Ijyb (D:3)
  2 iguanas
  14 gnolls
  7 adders
  A shadow imp (D:6)
  A worm (D:2)
  4 dart slugs
  50 orcs
  4 bats
  8 endoplasms
  3 giant cockroaches
  9 hobgoblins
  10 kobolds
  3 quokkas
  8 ball pythons
  5 frilled lizards
  6 goblins
  6 rats
  A spectral weapon (Snake:3)
459 creatures vanquished.

Vanquished Creatures (collateral kills)
  A naga warrior (Snake:4)
  A salamander mystic (Snake:4)
  2 naga ritualists (Snake:4)
  A salamander (Snake:4)
  2 black mambas (Snake:4)
  A naga mage (Snake:4)
  2 nagas (Snake:4)
10 creatures vanquished.

Vanquished Creatures (others)
  8 fungi
  16 plants
24 creatures vanquished.

Grand Total: 493 creatures vanquished

Notes
Turn   | Place    | Note
-------+----------+-------------------------------------------
     0 | D:1      | ElricMelnibone the Minotaur Fighter began the quest for the
                  | Orb.
     0 | D:1      | Reached XP level 1. HP: 19/19 MP: 0/0
   107 | D:1      | Reached XP level 2. HP: 27/27 MP: 1/1
   846 | D:2      | Reached XP level 3. HP: 33/33 MP: 2/2
   854 | D:2      | Reached skill level 4 in Armour
   855 | D:2      | Found a faded altar of an unknown god.
   958 | D:3      | Found the +1 Delatra's gloves {ID++}
   969 | D:3      | Found Mosyush's Armour Boutique.
  1113 | D:3      | Found Mirexyo's Book Emporium.
  1129 | D:3      | Found Durpharurgh's Weapon Shop.
  1269 | D:3      | Noticed Ijyb
  1285 | D:3      | Killed Ijyb
  1286 | D:3      | Reached XP level 4. HP: 16/41 MP: 3/3
  1422 | D:3      | Found Eczown's Armour Emporium.
  1634 | D:3      | Reached skill level 5 in Fighting
  1770 | D:3      | Found Mettariy's Armour Emporium.
  1816 | D:3      | Reached XP level 5. HP: 48/48 MP: 4/4
  2042 | D:2      | Found Zoevu's Antique Weapon Boutique.
  3018 | D:4      | Found a sparkling altar of Nemelex Xobeh.
  3130 | D:4      | Reached skill level 1 in Maces & Flails
  3292 | D:4      | Found a runed translucent gate.
  3292 | D:4      | Found a runed translucent gate.
  3292 | D:4      | Found a runed translucent gate.
  3294 | D:4      | Noticed BigFatTexta's ghost (amateur GrFi)
  3313 | D:4      | Found a snail-covered altar of Cheibriados.
  3355 | D:4      | Reached XP level 6. HP: 53/57 MP: 5/5
  3748 | D:4      | Found a staircase to the Ecumenical Temple.
  3757 | Temple   | Entered the Ecumenical Temple
  3987 | Temple   | Became a worshipper of Trog the Wrathful
  4153 | D:5      | Entered Level 5 of the Dungeon
  4201 | D:5      | Reached skill level 5 in Shields
  4229 | D:5      | Reached skill level 5 in Armour
  4301 | D:5      | Identified the +7 trident of Mirun {freeze, rC+ Will+}
  4326 | D:5      | You fall into a shaft and drop 2 floors!
  4409 | D:7      | Reached skill level 1 in Polearms
  4409 | D:7      | Reached XP level 7. HP: 46/63 MP: 6/6
  4421 | D:7      | Found Baucao's Magic Scroll Emporium.
  4422 | D:7      | Found Rekereli's Book Emporium.
  4423 | D:7      | Found Solour's Armour Emporium.
  4430 | D:7      | Noticed a shadow
  4446 | D:7      | Killed a shadow
  4508 | D:7      | Noticed a hornet
  4515 | D:7      | Paralysed by a hornet for 3 turns
  4526 | D:7      | Killed a hornet
  4536 | D:7      | Found a flagged portal.
  4547 | Bailey   | Entered a bailey
  4601 | Bailey   | Reached skill level 6 in Armour
  4601 | Bailey   | Reached XP level 8. HP: 39/71 MP: 7/7
  4795 | Bailey   | Reached * piety under Trog
  4837 | Bailey   | Noticed an orc knight
  4837 | Bailey   | Noticed an orc knight
  4876 | Bailey   | Killed an orc knight
  4955 | Bailey   | Reached skill level 7 in Armour
  5059 | Bailey   | Identified the +0 storm dragon scales of Brilliance {rElec
                  | rPois rF- Int+3 SInv}
  5094 | Bailey   | Killed an orc knight
  5095 | Bailey   | Reached XP level 9. HP: 46/81 MP: 8/8
  5234 | Bailey   | Got the Folio of Sickening Graupel
  5609 | D:7      | Bought a scroll of enchant armour for 90 gold pieces
  5609 | D:7      | Bought a scroll of fog for 48 gold pieces
  5609 | D:7      | Bought a scroll of identify for 24 gold pieces
  5609 | D:7      | Bought a scroll of identify for 24 gold pieces
  5609 | D:7      | Bought a scroll of poison for 48 gold pieces
  5609 | D:7      | Bought a scroll of blinking for 90 gold pieces
  5609 | D:7      | Bought a scroll of identify for 24 gold pieces
  5610 | D:7      | Bought a scroll of enchant weapon for 90 gold pieces
  5662 | D:6      | Reached skill level 8 in Armour
  5938 | D:5      | Identified the +2 leather armour of the Evening Star {Will+
                  | Str-5 SInv}
  6293 | D:4      | Killed BigFatTexta's ghost
  6293 | D:4      | Reached ** piety under Trog
  6445 | D:6      | Reached skill level 10 in Polearms
  6880 | D:8      | Found a staircase to the Lair.
  6896 | D:8      | Noticed Psyche
  6913 | D:8      | Killed Psyche
  6914 | D:8      | Reached XP level 10. HP: 88/88 MP: 9/9
  6959 | D:8      | Found an ancient bone altar of Kikubaaqudgha.
  7172 | D:8      | Reached *** piety under Trog
  7741 | Lair:1   | Entered Level 1 of the Lair of Beasts
  7803 | Lair:1   | Noticed a cane toad
  7819 | Lair:1   | Killed a cane toad
  7851 | Lair:1   | Noticed a cane toad
  7851 | Lair:1   | Noticed a cane toad
  7863 | Lair:1   | Killed a cane toad
  7881 | Lair:1   | Killed a cane toad
  8207 | Lair:1   | Reached XP level 11. HP: 77/99 MP: 10/10
  8253 | Lair:1   | Noticed Harold
  8289 | Lair:1   | Killed Harold
  8290 | Lair:1   | Reached skill level 10 in Fighting
  8455 | Lair:1   | Noticed Fannar
  8488 | Lair:1   | Killed Fannar
  8489 | Lair:1   | Reached skill level 10 in Shields
  8510 | Lair:1   | Noticed Sonja
  8517 | Lair:1   | Killed Sonja
  8649 | Lair:1   | Reached **** piety under Trog
  8666 | Lair:1   | Reached skill level 1 in Evocations
  9132 | Lair:2   | Reached skill level 9 in Armour
  9423 | Lair:2   | Noticed a boulder beetle
  9437 | Lair:2   | Killed a boulder beetle
  9446 | Lair:2   | Reached skill level 10 in Armour
  9446 | Lair:2   | Reached XP level 12. HP: 112/112 MP: 11/11
  9467 | Lair:2   | Found a staircase to the Snake Pit.
  9525 | Snake:1  | Entered Level 1 of the Snake Pit
  9705 | Snake:1  | Reached skill level 11 in Armour
  9782 | Snake:1  | Found Oloch's Assorted Antiques.
  9785 | Snake:1  | Found Colikh's Distillery.
  9787 | Snake:1  | Found Ciolil's Armour Shoppe.
  9788 | Snake:1  | Noticed a naga warrior
  9788 | Snake:1  | Noticed an anaconda
  9804 | Snake:1  | Killed an anaconda
  9818 | Snake:1  | Killed a naga warrior
  9827 | Snake:1  | Bought a potion of degeneration for 18 gold pieces
  9829 | Snake:1  | Bought a +0 cloak for 67 gold pieces
  9859 | Snake:1  | Noticed Agnes
  9871 | Snake:1  | Killed Agnes
  9872 | Snake:1  | Reached skill level 12 in Armour
 10020 | Snake:1  | Reached ***** piety under Trog
 10024 | Snake:1  | Reached skill level 5 in Evocations
 10044 | Snake:1  | Reached skill level 13 in Armour
 10237 | Snake:1  | Noticed Aizul
 10273 | Snake:1  | Killed Aizul
 10395 | Snake:1  | Noticed a naga warrior
 10409 | Snake:1  | Killed a naga warrior
 10410 | Snake:1  | Reached XP level 13. HP: 114/118 MP: 12/12
 10606 | Snake:1  | Noticed Nikola
 10628 | Snake:1  | Killed Nikola
 10629 | Snake:1  | Reached skill level 14 in Armour
 10828 | Snake:2  | Found Eleufuelod's Jewellery Emporium.
 11037 | Snake:2  | Found a glowing golden altar of the Shining One.
 11117 | Snake:2  | Reached skill level 15 in Armour
 11343 | Snake:2  | Found Poatyw's Antique Armour Emporium.
 11534 | Snake:2  | Reached skill level 16 in Armour
 11564 | Snake:2  | Reached XP level 14. HP: 126/126 MP: 13/13
 11587 | Snake:2  | Received a gift from Trog
 11902 | Snake:2  | Reached skill level 15 in Shields
 12416 | Snake:3  | Noticed Vashnia
 12454 | Snake:3  | Killed Vashnia
 12505 | Snake:3  | Reached skill level 10 in Evocations
 12611 | Snake:3  | Reached skill level 5 in Long Blades
 12636 | Snake:3  | Noticed a nagaraja
 12645 | Snake:3  | Killed a nagaraja
 12874 | Snake:3  | Noticed Asterion
 12883 | Snake:3  | Noticed an Executioner
 12901 | Snake:3  | Killed Asterion
 13722 | Snake:4  | Entered Level 4 of the Snake Pit
 13722 | Snake:4  | Noticed a nagaraja
 13731 | Snake:4  | Killed a nagaraja
 13732 | Snake:4  | Reached skill level 10 in Long Blades
 13732 | Snake:4  | Reached XP level 15. HP: 114/132 MP: 14/14
 13755 | Snake:4  | Found Qihaphack's Weapon Boutique.
 13836 | Snake:4  | Noticed a nagaraja
 13861 | Snake:4  | HP: 1/132 [mana viper[a naga ritualist] (13)]
 13962 | Snake:4  | Killed a nagaraja
 13967 | Snake:4  | Received a gift from Trog
 14178 | Snake:4  | Noticed a nagaraja
 14197 | Snake:4  | Killed a nagaraja
 14238 | Snake:4  | Noticed a nagaraja
 14253 | Snake:4  | Killed a nagaraja
 14414 | Snake:4  | Noticed a nagaraja
 14432 | Snake:4  | Killed a nagaraja
 14472 | Snake:4  | Noticed a nagaraja
 14488 | Snake:4  | Killed a nagaraja
 14559 | Snake:4  | Noticed a nagaraja
 14602 | Snake:4  | Killed a nagaraja
 14666 | Snake:4  | Noticed a nagaraja
 14692 | Snake:4  | Killed a nagaraja
 14705 | Snake:4  | HP: 6/134 [poisoned by a black mamba]
 14706 | Snake:4  | Mangled by a naga warrior

Illustrated notes

Levels and vault maps discovered:
D:1:      dpeg_arrival_refuge, layout_basic, serial_glass, glass_columns_a,
          glass_columns_b, glass_columns_a, glass_columns_b, glass_columns_b,
          glass_columns_b, minmay_hexomino_u4
D:2:      wad_crossroads, layout_loops_ring, serial_shops, shop,
          chequers_ecumenical_altar_island
D:3:      layout_loops_ring, serial_bayou, serial_bayou_pond_c,
          serial_bayou_pond_d, serial_bayou_crossing, serial_bayou_pond_b,
          serial_shops, shop, nicolae_shop_crystal,
          nicolae_shop_window_shopping, nicolae_shop_window_shopping,
          nicolae_shop_rolling_square, minmay_misc_feat_tower,
          kennysheep_generic_room_7, uniq_ijyb
D:4:      layout_basic, mainiacjoe_overflow_six_doors_small,
          mainiacjoe_overflow_concentric_impassable,
          minmay_temple_entry_statues, gammafunk_ghost_necromancy
D:5:      layout_rooms
D:6:      layout_cave_pools
D:7:      layout_rooms, enter_bailey_6, nicolae_shop_distant_corner_stores
D:8:      layout_loops_ring, mainiacjoe_overflow_surrounded_room,
          lair_entry_dummy, uniq_psyche
Temple:   bh_familiar_temple
Lair:1:   beast_lair_carwin_large_2, layout_hall_layers, uniq_sonja,
          uniq_fannar, uniq_harold
Lair:2:   layout_concentric_octagons, nicolae_snake_entry_squirm,
          beast_lair_carwin_10
Snake:1:  layout_misc_corridors, nicolae_snake_gridmaze_zigzag,
          minmay_shop_star, uniq_agnes, uniq_nikola, uniq_aizul
Snake:2:  layout_basic, serial_curves, eino_curves_03, eino_curves_01,
          basic_altar, serial_shops, shop_fountains, nicolae_stop_n_shop_2,
          nicolae_snake_the_dead_are_slithering
Snake:3:  layout_basic, special_room, uniq_asterion, uniq_vashnia
Snake:4:  grunt_snake_rune_spirals, layout_onion_interference, serial_shops,
          shop

Skill      XL: |  1  2  3  4  5  6  7  8  9 10 11 12 13 14 15 |
---------------+----------------------------------------------+-----
Fighting       | 4 5 6 8 9 11 12 | 12.5
Shields        | 4 5 6 8 9 10 12 14 15 | 15.0
Armour         | 4 5 6 7 8 10 13 16 | 16.0
Long Blades    | 3 4 10 14 | 14.9
Maces & Flails | 2 3 |  3.1
Polearms       | 1 4 8 11 13 14 | 14.0
Evocations     | 2 5 7 10 | 10.4

Action                     |  1- 3 |  4- 6 |  7- 9 | 10-12 | 13-15 || total
---------------------------+-------+-------+-------+-------+-------++-------
  Melee: Long sword        |    99 |     4 |       |       |       ||   103
         Headbutt          |     9 |    22 |    23 |    61 |   160 ||   275
         Whip              |       |   132 |       |       |       ||   132
         Trident           |       |     3 |   197 |   493 |   959 ||  1652
  Throw: Stone             |       |    17 |    20 |       |       ||    37
         Dart              |       |       |       |       |     4 ||     4
         Throwing net      |       |       |       |       |     1 ||     1
 Invoke: Berserk           |       |       |     1 |     1 |    10 ||    12
         Trog's Hand       |       |       |       |       |     3 ||     3
         Brothers in Arms  |       |       |       |       |     6 ||     6
  Evoke: Wand              |       |       |     8 |     2 |       ||    10
    Use: Scroll            |     1 |     3 |     2 |     6 |    10 ||    22
         Potion            |     1 |       |     5 |       |     6 ||    12
   Stab: Paralysed         |       |       |    11 |     4 |       ||    15
         Distracted        |       |       |       |       |     2 ||     2
 Armour: Scale mail        |    57 |    22 |       |       |       ||    79
         Chain mail        |       |    46 |    43 |       |       ||    89
         Storm dragon scal |       |       |    62 |   107 |   252 ||   421
  Dodge: Dodged            |    43 |    52 |    63 |    67 |   119 ||   344
  Block: Buckler           |    13 |    29 |    56 |    16 |       ||   114
         Tower shield      |       |       |       |   184 |   724 ||   908
         Reflection        |       |       |       |       |    97 ||    97
